 Dungeon Crawl Stone Soup version 0.22.1-1-ga44c0e5 (webtiles) character file.

3371 dvd the Firebug (level 10, -3/63 HPs)
             Began as an Octopode Fire Elementalist on Oct 4, 2018.
             Was a Priest of Vehumet.
             Slain by a hornet (17 damage)
             ... on level 7 of the Dungeon.
             The game lasted 00:20:45 (8172 turns).

dvd the Firebug (Octopode Fire Elementalist)        Turns: 8172, Time: 00:20:45

Health: -3/63      AC:  1    Str:  8    XL:     10   Next: 3%
Magic:  19/19      EV: 14    Int: 21    God:    Vehumet [***...]
Gold:   352        SH:  0    Dex: 12    Spells: 7/21 levels left

rFire    + . .     SeeInvis .   a - +7 dire flail (protect)
rCold    x . .     Gourm    .   (shield currently unavailable)
rNeg     . . .     Faith    .   (helmet restricted)
rPois    .         Spirit   .   g - amulet of the acrobat
rElec    .         Reflect  .   i - ring of flight
rCorr    +         Harm     .   t - ring of resist corrosion
MR       .....                  y - ring of fire
Stlth    ++++......             (no ring)
HPRegen  0.20/turn              (no ring)
MPRegen  0.16/turn              (no ring)
                                (no ring)
                                (no ring)

@: no status effects
A: almost no armour, stealthy swim, amphibious, 8 rings, constrict 8, camouflage
1, gelatinous body 1
a: Renounce Religion, Evoke Flight


You were on level 7 of the Dungeon.
You worshipped Vehumet.
Vehumet was most pleased with you.
You were not hungry.

You visited 1 branch of the dungeon, and saw 7 of its levels.
You also visited: Sewer.

You collected 352 gold pieces.

Inventory:

Hand Weapons
 a - a +7 dire flail of protection (weapon)
 l - a +2 hand axe of chopping
 B - a +0 halberd of freezing
 F - a +2 whip of electrocution
Jewellery
 d - an uncursed amulet of rage
 g - an amulet of the acrobat (around mantle)
 h - an uncursed amulet of guardian spirit
 i - a ring of flight (left tentacle)
 t - a ring of resist corrosion (right tentacle)
 y - a ring of fire (on tentacle)
Wands
 E - a wand of flame (52)
 G - a wand of random effects (16)
 J - a wand of paralysis (5)
Scrolls
 e - a scroll of blinking
 f - 6 scrolls of identify
 k - a scroll of fog
 o - a scroll of amnesia
 q - 3 scrolls of fear
 s - 2 scrolls of enchant armour
 z - 2 scrolls of teleportation
 C - 4 scrolls of remove curse
 H - a scroll of immolation {unknown}
 K - a scroll of magic mapping
Potions
 c - 2 potions of curing
 j - 2 potions of lignification {unknown}
 m - a potion of haste
 n - 6 potions of flight {unknown}
 p - a potion of cancellation
 r - 2 potions of ambrosia {unknown}
 u - a potion of degeneration {unknown}
 v - a potion of mutation {unknown}
 w - a potion of brilliance {unknown}
 x - a potion of might {unknown}
 A - a potion of agility {unknown}
 I - 4 potions of heal wounds {unknown}
Comestibles
 b - 12 rations
 D - 5 chunks of flesh


   Skills:
 + Level 3.4 Fighting
 + Level 3.0(5.0) Axes
 + Level 6.2(6.5) Maces & Flails
 + Level 3.3 Dodging
 + Level 6.1 Stealth
 + Level 0.2 Unarmed Combat
 + Level 6.1 Spellcasting
 + Level 5.3 Conjurations
 + Level 6.5 Fire Magic


You had 7 spell levels left.
You knew the following spells:

 Your Spells              Type           Power        Failure   Level  Hunger
a - Flame Tongue          Conj/Fire      #####        1%          1    None
b - Throw Flame           Conj/Fire      #####.       1%          2    None
c - Sticky Flame          Conj/Fire      #####...     2%          4    ####...
d - Fireball              Conj/Fire      #####.....   7%          5    #####..
e - Throw Frost           Conj/Ice       ###...       1%          2    None

Your spell library contained the following spells:

 Spells                   Type           Power        Failure   Level  Hunger
 Conjure Flame            Conj/Fire      #####...     1%          3    ##.....
 Inner Flame              Hex/Fire       ####....     2%          3    ##.....
 Yara's Violent Unravell  Hex/Tmut       #.........   54%         5    #####..
 Cause Fear               Hex            #.........   67%         4    ####...
 Silence                  Hex/Air        #.........   95%         5    #####..
 Deflect Missiles         Chrm/Air       #.........   100%        6    #######
 Discord                  Hex            #.........   100%        8    #######


Dungeon Overview and Level Annotations

Branches:
Dungeon (7/15)             Temple (0/1) D:4

Altars:
Makhleb
Qazlal
Trog
Vehumet
Wu Jian

Annotations:
D:6 3 runed doors, Zanta616's ghost, novice HOFi; yogakurto's ghost, novice MiTm


Innate Abilities, Weirdness & Mutations

You cannot wear most types of armour.
You are very stealthy in the water. (Stealth+)
You are amphibious.
You can wear up to eight rings at the same time.
You can use your tentacles to constrict eight enemies at once.
Your skin changes colour to match your surroundings (Stealth+).
Your rubbery body absorbs attacks. (AC +1, EV +1)


Message History

You feel yourself slow down.
You feel sick. The bullfrog completely misses you.
The hornet stings you but does no damage.
You feel yourself speed up.
You feel sick. The hornet closely misses you. The bullfrog closely misses you.
The bullfrog barely misses you. The bullfrog closely misses you.
A sky beast appears from thin air!
Reactivating autopickup.
The hornet stings you!
* * * LOW HITPOINT WARNING * * *
You feel yourself slow down. The bullfrog hits you!
* * * LOW HITPOINT WARNING * * *
You feel sick. The hornet misses you. The bullfrog completely misses you.
You feel sick.
The sky beast flickers out of sight!
Deactivating autopickup; reactivate with Ctrl-A.
The hornet barely misses you.
You feel better.
You feel yourself speed up. The hornet stings you!
You die...

#.#...####.###
#.....###..#
##....#....# ..#
###......#..# >.#
#.......##..## ..#
###.......##...# ..#
#....#....##.#.#
..###..###....##.#.#
..#....##.....##@#.#
..#.#.....##..##y#.#####
......#.### ..##F....).#
...####.# .##{..<...#
#.## #.# #.......#
...####.# #.......#
...##...# #....(.[#
......### #..........#
......###......#.......#


You could see a hornet and a bullfrog.

Vanquished Creatures
  Pikel (D:6)
  Prince Ribbit (D:7)
  Grinder (D:6)
  Menkaure (D:6)
  Edmund (D:5)
  Duvessa (D:6)
  A necrophage (D:6)
  3 slaves (D:6)
  An ice beast (D:5)
  4 ogres
  A centaur (D:6)
  A bullfrog (D:6)
  A big kobold (Sewer)
  Dowan (D:6)
  5 scorpions
  3 crimson imps
  A centaur zombie (D:7)
  A quasit (Sewer)
  A hound (D:5)
  2 jellies (D:7)
  3 orc wizards
  An orc priest (D:3)
  A gnoll shaman (D:4)
  2 iguanas
  Natasha (thrice) (D:3 D:6)
  5 worker ants
  A big kobold zombie (Sewer)
  A hound skeleton (D:7)
  A howler monkey skeleton (D:7)
  A worker ant zombie (D:6)
  13 gnolls
  12 adders
  A river rat (D:6)
  5 shadow imps (Sewer)
  2 oozes
  3 ufetubi (Sewer)
  3 adder zombies
  A worm (D:3)
  2 dart slugs
  4 leopard geckos
  17 orcs
  6 bats
  A bat zombie (Sewer)
  5 giant cockroaches
  9 goblins
  4 hobgoblins
  6 jackals (D:2)
  9 quokkas
  A ball python (D:6)
  7 frilled lizards
  26 kobolds
  A leopard gecko skeleton (D:5)
  A quokka skeleton (D:5)
  A quokka zombie (D:6)
  14 rats
205 creatures vanquished.

Vanquished Creatures (others)
  An ooze (Sewer)
  A withered plant (D:6)
2 creatures vanquished.

Grand Total: 207 creatures vanquished

Notes
Turn   | Place    | Note
-------+----------+-------------------------------------------
     0 | D:1      | dvd the Octopode Fire Elementalist began the quest for the
                  | Orb.
     0 | D:1      | Reached XP level 1. HP: 11/11 MP: 3/3
   223 | D:1      | Reached XP level 2. HP: 13/17 MP: 0/5
   280 | D:1      | Learned a level 2 spell: Throw Flame
   382 | D:1      | Reached XP level 3. HP: 20/21 MP: 0/6
  1148 | D:2      | Reached XP level 4. HP: 27/27 MP: 2/7
  1217 | D:2      | Reached skill level 1 in Axes
  1756 | D:2      | Learned a level 4 spell: Sticky Flame
  2109 | D:3      | Noticed Natasha
  2113 | D:3      | Killed Natasha
  2113 | D:3      | Reached XP level 5. HP: 19/32 MP: 4/9
  2228 | D:3      | Found a faded altar of an unknown god.
  2228 | D:3      | Found a stormy altar of Qazlal.
  2320 | D:3      | Found a radiant altar of Vehumet.
  2325 | D:3      | Found a burning altar of Makhleb.
  2326 | D:3      | Found a faded altar of an unknown god.
  2329 | D:3      | Became a worshipper of Vehumet
  2681 | D:3      | Reached XP level 6. HP: 6/37 MP: 0/10
  3053 | D:3      | Reached skill level 1 in Fighting
  3085 | D:3      | Found a faded altar of an unknown god.
  3706 | D:4      | Found a staircase to the Ecumenical Temple.
  3769 | D:4      | Reached XP level 7. HP: 43/43 MP: 3/12
  3772 | D:4      | Reached * piety under Vehumet
  3772 | D:4      | Offered knowledge of Sting by Vehumet.
  4899 | D:5      | Entered Level 5 of the Dungeon
  4951 | D:5      | Found a bloodstained altar of Trog.
  4951 | D:5      | Found an ornate altar of the Wu Jian Council.
  4966 | D:5      | Noticed Edmund
  4981 | D:5      | Killed Edmund
  4981 | D:5      | Reached skill level 5 in Fire Magic
  4981 | D:5      | Reached XP level 8. HP: 42/50 MP: 1/14
  5782 | D:5      | Reached skill level 1 in Maces & Flails
  6081 | D:6      | Noticed Natasha
  6090 | D:6      | Killed Natasha
  6116 | D:6      | Noticed Duvessa
  6116 | D:6      | Noticed Dowan
  6123 | D:6      | Killed Duvessa
  6128 | D:6      | Killed Dowan
  6149 | D:6      | Noticed Grinder
  6165 | D:6      | Killed Grinder
  6165 | D:6      | Reached skill level 5 in Stealth
  6165 | D:6      | Reached skill level 5 in Spellcasting
  6165 | D:6      | Reached XP level 9. HP: 28/55 MP: 1/16
  6172 | D:6      | Learned a level 5 spell: Fireball
  6267 | D:6      | Noticed Natasha
  6270 | D:6      | Offered knowledge of Sandblast by Vehumet.
  6272 | D:6      | Killed Natasha
  6272 | D:6      | Reached ** piety under Vehumet
  6322 | D:6      | Noticed Menkaure
  6330 | D:6      | Killed Menkaure
  6437 | D:6      | Found a glowing drain.
  6449 | Sewer    | Entered a sewer
  6870 | Sewer    | Found a burning altar of Makhleb.
  6913 | Sewer    | Offered knowledge of Throw Frost by Vehumet.
  6995 | Sewer    | Learned a level 2 spell: Throw Frost
  7111 | Sewer    | Reached *** piety under Vehumet
  7257 | D:6      | Noticed Pikel
  7274 | D:6      | Killed Pikel
  7274 | D:6      | Reached skill level 5 in Maces & Flails
  7428 | D:6      | Reached skill level 5 in Conjurations
  7631 | D:6      | Found a runed gate.
  7631 | D:6      | Found a runed gate.
  7632 | D:6      | Found a runed gate.
  7633 | D:6      | Noticed Zanta616's ghost (novice HOFi)
  7634 | D:6      | Noticed yogakurto's ghost (novice MiTm)
  7915 | D:7      | Noticed Prince Ribbit
  7923 | D:7      | Killed Prince Ribbit
  7934 | D:7      | Reached XP level 10. HP: 58/63 MP: 4/19
  8172 | D:7      | Slain by a hornet

Skill      XL: |  1  2  3  4  5  6  7  8  9 |
---------------+----------------------------+-----
Stealth        | 3 4 5 6 |  6.1
Axes           | 1 2 3 |  3.0
Conjurations   | 2 3 4 5 |  5.3
Spellcasting   | 3 4 5 6 |  6.1
Fire Magic     | 4 5 6 |  6.5
Fighting       | 1 2 3 |  3.4
Maces & Flails | 3 6 |  6.2
Dodging        | 3 |  3.3
Unarmed Combat | |  0.2

Action                   |  1- 3 |  4- 6 |  7- 9 | 10-12 || total
-------------------------+-------+-------+-------+-------++-------
Melee: Unarmed           |    10 |       |       |       ||    10
       Constrict         |     7 |    10 |    36 |     3 ||    56
       Tentacles         |     2 |    10 |    11 |     3 ||    26
       Hand axe          |    22 |    64 |    20 |       ||   106
       Dire flail        |       |       |   117 |    12 ||   129
 Cast: Flame Tongue      |    26 |    69 |   105 |    10 ||   210
       Throw Flame       |     9 |    18 |    44 |     6 ||    77
       Sticky Flame      |       |       |    11 |       ||    11
       Fireball          |       |       |     1 |       ||     1
  Use: Potion            |       |     2 |       |     1 ||     3
       Scroll            |       |       |    12 |       ||    12
 Stab: Sleeping          |     5 |     1 |     7 |       ||    13
       Distracted        |       |       |     1 |       ||     1
  Eat: Chunk             |     2 |     9 |    11 |     2 ||    24
       Ration            |       |       |     1 |       ||     1
Armor: Skin              |     2 |     4 |    30 |     3 ||    39
Dodge: Dodged            |    23 |    55 |   112 |    18 ||   208
